 Dungeon Crawl Stone Soup version 0.29.0-4-gdea44cf6ec (webtiles) character file.

Game seed: 8524602240175198052

8890 FluffGlitter the Cleaver (level 11, -29/101 HPs)
             Began as a Minotaur Fighter on Aug 27, 2022.
             Was a Priest of Okawaru.
             Annihilated by a titanic slime creature (85 damage)
             ... on level 11 of the Dungeon.
             The game lasted 00:57:43 (14904 turns).

FluffGlitter the Cleaver (Minotaur Fighter)        Turns: 14904, Time: 00:57:44

Health: -29/101    AC: 17    Str: 26    XL:     11   Next: 15%
Magic:  12/12      EV:  7    Int:  5    God:    Okawaru [***...]
Gold:   628        SH: 11    Dex:  9    Spells: 10/10 levels left

rFire   . . .      SeeInvis .   a - +3 war axe (vorpal)
rCold   + . .      Faith    .   c - +0 buckler
rNeg    . . .      Spirit   .   v - +0 plate armour
rPois   .          Reflect  +   (helmet restricted)
rElec   .          Harm     .   i - +0 cloak
rCorr   .          Rampage  .   (no gloves)
Will    .....                   s - +0 pair of boots
Stlth   ..........              C - amulet of reflection
HPRegen 0.26/turn               o - ring of protection from cold
MPRegen 0.13/turn               (no ring)

@: no status effects
A: horns 2, retaliatory headbutt
a: Renounce Religion, Heroism


You were on level 11 of the Dungeon.
You worshipped Okawaru.
Okawaru was most pleased with you.
You visited 2 branches of the dungeon, and saw 13 of its levels.

You collected 628 gold pieces.

Inventory:

Hand Weapons
 a - a +3 vorpal war axe (weapon)
 b - a +1 vorpal sling
 D - a +2 morningstar
 G - a +0 flail
Missiles
 f - 69 stones (quivered)
 l - 33 poisoned darts
 E - 4 throwing nets
Armour
 c - a +0 buckler (worn)
 i - a +0 cloak (worn)
 s - a +0 pair of boots (worn)
 v - a +0 plate armour (worn)
 H - a +0 scale mail of cold resistance
Jewellery
 e - a ring of ice
 h - a ring of fire
 o - a ring of protection from cold (left hand)
 r - an amulet of the acrobat
 C - an amulet of reflection (around neck)
Wands
 y - a wand of mindburst (37)
 F - a wand of flame (25)
 I - a wand of digging (6)
Scrolls
 g - a scroll of identify
 k - 6 scrolls of teleportation
 q - 2 scrolls of magic mapping
 J - a scroll of enchant armour {unknown}
 K - a scroll of brand weapon {unknown}
Potions
 d - 2 potions of might
 j - 6 potions of curing
 m - 2 potions of resistance
 n - a potion of haste
 p - 3 potions of degeneration {unknown}
 t - a potion of magic {unknown}
 u - 2 potions of attraction {unknown}
 x - a potion of brilliance
 z - a potion of lignification {unknown}
 A - a potion of berserk rage {unknown}
 B - a potion of ambrosia {unknown}


   Skills:
 + Level 10.8 Fighting
 * Level 11.6 Axes
 + Level 10.8 Armour
 - Level 9.6 Shields
 + Level 3.9 Invocations


You had 10 spell levels left.
You didn't know any spells.
Your spell library contained the following spells:

 Spells                   Type           Power      Damage    Failure   Level
 Freeze                   Ice            0%         1d3       99%         1
 Blink                    Tloc           0%         N/A       100%        2
 Static Discharge         Conj/Air       0%         3-3/arc   100%        2
 Frozen Ramparts          Ice            0%         1d1       100%        3
 Lesser Beckoning         Tloc           0%         N/A       100%        3
 Ozocubu's Armour         Ice            0%         N/A       100%        3
 Fulminant Prism          Conj/Hex       0%         3d6       100%        4
 Hailstorm                Conj/Ice       0%         3d3       100%        4
 Iskenderun's Mystic Bla  Conj/Tloc      0%         2d3       100%        4
 Lee's Rapid Deconstruct  Erth           0%         3d5*      100%        5
 Lightning Bolt           Conj/Air       0%         1d11      100%        5
 Manifold Assault         Tloc           0%         N/A       100%        5
 Ozocubu's Refrigeration  Ice            0%         4d7       100%        7
 Maxwell's Capacitive Co  Air            0%         ∞         100%        8
 Chain Lightning          Conj/Air       0%         N/A       100%        9
 Fire Storm               Conj/Fire      0%         5d1       100%        9
 Shatter                  Erth           0%         3d5*      100%        9


Dungeon Overview and Level Annotations

Branches:
Dungeon (12/15)            Temple (1/1) D:6            Lair (0/5) D:10
    Orc (0/2) D:10

Altars:
Ashenzari
Cheibriados
Dithmenos
Elyvilon
Fedhas
Gozag
Hepliaklqana
Kikubaaqudgha
Makhleb
Nemelex Xobeh
Okawaru
Qazlal
Ru
Sif Muna
Trog
Uskayaw
Vehumet
Wu Jian
Xom
Yredelemnul
Zin
The Shining One

Shops:
D:10 (

Portals:
Abyss: D:4

Annotations:
D:4 2 transporters, codl's ghost, novice DrTm


Innate Abilities, Weirdness & Mutations

You have a pair of horns on your head.
You reflexively headbutt those who attack you in melee.


Message History

Found a mace.
There is a stone staircase leading down here.
You climb downwards.
There is a stone staircase leading up here.
You climb upwards.
There is a stone staircase leading down here.
Found a scroll labelled OMMIUL PAZAUCI.
There is a stone staircase leading down here.
You climb downwards.
The slime creature quivers. x5
There is a stone staircase leading up here.
You barely miss the slime creature. You headbutt the slime creature.
The slime creature is lightly wounded.
Two slime creatures merge to form a large slime creature. x2
Two slime creatures merge to form a very large slime creature.
You slash the large slime creature! You headbutt the large slime creature!
The large slime creature is moderately wounded.
The large slime creature barely misses you.
You slice the large slime creature!!
Your headbutt misses the large slime creature.
The large slime creature is heavily wounded.
A slime creature comes into view.
Two slime creatures merge to form a titanic slime creature.
You slash the titanic slime creature!
Your headbutt misses the titanic slime creature.
The titanic slime creature is moderately wounded.
The titanic slime creature closely misses you.
You slice the titanic slime creature!!
You headbutt the titanic slime creature, but do no damage.
The titanic slime creature is moderately wounded.
The titanic slime creature hits you!!!
Ouch! That really hurt!
You hear an angry buzzing noise. x3
The titanic slime creature hits you!!
* * * LOW HITPOINT WARNING * * *
You climb upwards.
There is a stone staircase leading down here.
You feel much better. The titanic slime creature hits you!!!!
Ouch! That really hurt!
You die...

##.....#.##.## #....
#....<
#......#.....##.......
#.....#
...##..#....÷#........
##..##
........<...)........
#.. ##....[............#
... #..........#......#
.. #.##......##......# .
$. #.#...........####..
..###.#.........@J......
[.......##..............
#.....>.................
##...........###+####...
##..........#
#..........##
............#
#...........#
.............#
#............
##..##.......#
#...........# ...
........# #...........#


You could see a titanic slime creature.

Vanquished Creatures
  Harold (D:10)
  A hydra (D:9)
  Pikel (D:4)
  A cyclops (D:9)
  Joseph (D:7)
  Maggie (D:6)
  A kobold demonologist (D:10)
  A komodo dragon (D:10)
  2 trolls
  Grinder (D:3)
  A yak (D:9)
  A wraith (D:9)
  3 wyverns
  3 steam dragons
  An acid dragon (D:11)
  A water moccasin (D:8)
  6 orc warriors
  An ice beast (D:7)
  5 centaurs
  3 ogres
  A phantom (D:4)
  3 kobold brigands
  3 bullfrogs
  A gnoll sergeant (D:6)
  5 scorpions
  2 necrophages
  8 wights
  6 killer bees
  A howler monkey (D:9)
  3 orc priests
  6 hounds
  2 gnoll boudas
  6 iguanas
  Natasha (thrice) (D:4)
  4 orc wizards
  10 gnolls
  5 adders
  A worm (D:3)
  2 dart slugs
  24 orcs
  8 ball pythons
  4 endoplasms
  6 giant cockroaches
  6 goblins
  4 hobgoblins
  2 jackals (D:4)
  5 quokkas
  6 bats
  4 frilled lizards
  12 kobolds
  14 rats
203 creatures vanquished.

Vanquished Creatures (others)
  6 plants
6 creatures vanquished.

Grand Total: 209 creatures vanquished

Notes
Turn   | Place    | Note
-------+----------+-------------------------------------------
     0 | D:1      | FluffGlitter the Minotaur Fighter began the quest for the
                  | Orb.
     0 | D:1      | Reached XP level 1. HP: 19/19 MP: 0/0
   212 | D:1      | Reached XP level 2. HP: 24/27 MP: 1/1
   681 | D:1      | Found a faded altar of an unknown god.
   830 | D:1      | Reached skill level 3 in Axes
  1027 | D:2      | Reached XP level 3. HP: 33/33 MP: 2/2
  1211 | D:2      | Found a stormy altar of Qazlal.
  1884 | D:3      | Reached XP level 4. HP: 40/40 MP: 3/3
  2152 | D:3      | Noticed Grinder
  2181 | D:3      | Killed Grinder
  2182 | D:3      | Reached skill level 5 in Fighting
  2182 | D:3      | Reached skill level 4 in Axes
  2182 | D:3      | Reached skill level 5 in Armour
  2182 | D:3      | Reached skill level 5 in Shields
  2182 | D:3      | Reached XP level 5. HP: 29/48 MP: 4/4
  2182 | D:3      | Reached XP level 6. HP: 33/56 MP: 5/5
  3025 | D:4      | Noticed Natasha
  3050 | D:4      | Killed Natasha
  3052 | D:4      | Found a transporter.
  3103 | D:4      | Found a one-way gate to the infinite horrors of the Abyss.
  3103 | D:4      | Noticed codl's ghost (novice DrTm)
  3118 | D:4      | Noticed a small abomination
  3250 | D:4      | Noticed Natasha
  3251 | D:4      | Reached skill level 5 in Axes
  3251 | D:4      | Reached XP level 7. HP: 62/62 MP: 6/6
  3551 | D:5      | Entered Level 5 of the Dungeon
  3777 | D:4      | Killed Natasha
  3811 | D:4      | Found a transporter.
  3925 | D:4      | Noticed Natasha
  3942 | D:4      | Killed Natasha
  4225 | D:5      | Noticed Pikel
  4271 | D:4      | Killed Pikel
  4272 | D:4      | Reached skill level 6 in Axes
  4272 | D:4      | Reached XP level 8. HP: 59/71 MP: 7/7
  4770 | D:5      | Noticed a +0 dagger
  4771 | D:5      | Found a hide-covered altar of Uskayaw.
  4771 | D:5      | Noticed a +0 dagger
  4813 | D:5      | Found a white marble altar of Elyvilon.
  4982 | D:5      | Reached skill level 7 in Axes
  5176 | D:5      | Found a sparkling altar of Nemelex Xobeh.
  6545 | D:6      | Noticed Maggie
  6666 | D:6      | Killed Maggie
  6667 | D:6      | Reached XP level 9. HP: 9/81 MP: 8/8
  7181 | D:6      | Found a staircase to the Ecumenical Temple.
  7314 | Temple   | Entered the Ecumenical Temple
  7617 | Temple   | Became a worshipper of Warmaster Okawaru
  7883 | D:6      | Reached skill level 8 in Axes
  8234 | D:6      | Found a shadowy altar of Dithmenos.
  8858 | D:7      | Reached * piety under Okawaru
  9114 | D:7      | Found a radiant altar of Vehumet.
  9208 | D:7      | Found an ornate altar of the Wu Jian Council.
  9496 | D:7      | Noticed Joseph
  9514 | D:7      | Killed Joseph
  9515 | D:7      | Reached skill level 9 in Axes
  9699 | D:8      | Reached XP level 10. HP: 91/91 MP: 9/9
 11007 | D:9      | Reached skill level 1 in Invocations
 11056 | D:9      | Noticed a seven-headed hydra
 11391 | D:8      | Reached ** piety under Okawaru
 11913 | D:9      | Reached skill level 10 in Fighting
 11913 | D:9      | Reached skill level 10 in Axes
 11913 | D:9      | Reached skill level 10 in Armour
 11960 | D:10     | Entered Level 10 of the Dungeon
 12294 | D:9      | Killed a seven-headed hydra
 12978 | D:9      | Found a glowing golden altar of the Shining One.
 13107 | D:9      | Noticed a cyclops
 13125 | D:9      | Killed a cyclops
 13125 | D:9      | Reached *** piety under Okawaru
 13126 | D:9      | Reached skill level 11 in Axes
 13270 | D:10     | Found Mexa Imu's Antique Weapon Shoppe.
 13357 | D:10     | Found a staircase to the Orcish Mines.
 13486 | D:10     | Found a sacrificial altar of Ru.
 13534 | D:10     | Noticed Harold
 13540 | D:10     | Killed Harold
 13541 | D:10     | Reached XP level 11. HP: 79/101 MP: 12/12
 14200 | D:10     | Found a glowing silver altar of Zin.
 14365 | D:10     | Found a staircase to the Lair.
 14904 | D:11     | Annihilated by a titanic slime creature

Illustrated notes

Levels and vault maps discovered:
D:1:      dpeg_arrival_short_road, layout_basic,
          ebering_ecumenical_altar_petrified
D:2:      cheibrodos_old_hovel, layout_basic, basic_altar,
          minmay_misc_feat_diagonals, minmay_rat_gold_closets
D:3:      layout_basic, uniq_grinder
D:4:      layout_cave_pools, gammafunk_ghost_abyssal_escape, uniq_natasha
D:5:      layout_loops_ring, general_overflow_altar, elyvilon_altar_5,
          dancing_weapons_uskayaw, uniq_pikel
D:6:      layout_basic, old_standard_altar, minmay_temple_entry_offerings,
          uniq_maggie
D:7:      layout_loops_ring, nzn_wu_jian_council_hall,
          nicolae_overflow_hidden_temple, uniq_joseph
D:8:      layout_basic
D:9:      cheibrodos_barr_body, layout_irregular_city, lemuel_tele_altar
D:10:     layout_irregular_city, hangedman_ru_absence, marbit_many_paths,
          david_lair_shrubbed, serial_shops, nicolae_shop_hallway_plus,
          uniq_harold
D:11:     layout_cave_pools, serial_shops, nicolae_take_the_stairs, shop_statue,
          shop, nicolae_shop_stone, nrook_pool_corridor
D:12:     layout_basic, hangedman_parallel_progression, uniq_urug, uniq_psyche
Temple:   compressed_dpeg_triangle_lava_temple

Skill      XL: |  1  2  3  4  5  6  7  8  9 10 |
---------------+-------------------------------+-----
Armour         | 4 5 6 8 9 10 | 10.8
Fighting       | 4 5 6 8 9 10 | 10.8
Axes           | 3 4 5 6 7 9 11 | 11.6
Shields        | 4 5 6 8 9 |  9.6
Invocations    | 3 |  3.9

Action                   |  1- 3 |  4- 6 |  7- 9 | 10-12 || total
-------------------------+-------+-------+-------+-------++-------
Melee: War axe           |    88 |    60 |   254 |   125 ||   527
       Headbutt          |     9 |    15 |    42 |    34 ||   100
       Morningstar       |       |       |       |    41 ||    41
Throw: Stone             |       |     9 |       |       ||     9
Invok: Heroism           |       |       |       |     2 ||     2
  Use: Potion            |       |       |     2 |     3 ||     5
       Scroll            |       |       |    12 |     2 ||    14
Armor: Scale mail        |    52 |    25 |    81 |       ||   158
       Plate armour      |       |       |    26 |    86 ||   112
Dodge: Dodged            |    35 |    18 |    85 |    71 ||   209
Block: Buckler           |    18 |    10 |    68 |    82 ||   178
       Reflection        |       |       |       |    12 ||    12
